 Dungeon Crawl Stone Soup version 0.28-a0-1629-gf728b707aa (webtiles) character file.

Game seed: 12219797521521163331

1447 croobank the Firebug (level 8, -3/57 HPs)
             Began as a Green Draconian Fire Elementalist on Jan 25, 2022.
             Killed by divine providence
             ... invoked by an orc priest
              (12 damage)
             ... on level 6 of the Dungeon.
             The game lasted 00:20:55 (5155 turns).

croobank the Firebug (DrFE)                         Turns: 5155, Time: 00:20:55

Health: -3/57      AC:  8    Str: 10    XL:     8   Next: 46%
Magic:  1/14       EV: 15    Int: 17    God:
Gold:   125        SH:  0    Dex: 23    Spells: 13/16 levels left

rFire   . . .      SeeInvis .   a - +11 falchion of Blood-Lust {vamp, Dex+4}
rCold   + . .      Faith    .   (no shield)
rNeg    . . .      Spirit   .   (armour unavailable)
rPois   +          Reflect  .   (helmet restricted)
rElec   .          Harm     .   (no cloak)
rCorr   .          Rampage  .   n - +0 pair of gloves
Will    .....                   q - +0 pair of boots
Stlth   +++.......              (no amulet)
HPRegen 0.19/turn               o - +6 ring of dexterity
MPRegen 0.14/turn               A - ring of protection from cold

@: no status effects
A: breathe noxious fumes, AC +6, unfitting armour, poison resistance,
cold-blooded
a: Breathe Noxious Fumes


You were on level 6 of the Dungeon.
You visited 1 branch of the dungeon, and saw 6 of its levels.

You collected 125 gold pieces.

Inventory:

Hand Weapons
 a - the +11 falchion of Blood-Lust (weapon) {vamp, Dex+4}
   (You found it on level 6 of the Dungeon)

   It occasionally heals its wielder for a portion of the damage dealt when it
   wounds a living foe.
   Dex:       It affects your dexterity (+4).
 b - a +0 hunting sling
 w - a +0 flail
 z - a +0 vorpal hand axe
 C - a +0 short sword
 D - a +0 whip of venom
Missiles
 c - 66 stones
 k - 52 arrows
 p - 14 sling bullets
 v - 15 bolts
 x - 3 poisoned darts
 y - 3 curare-tipped darts (quivered)
Armour
 n - a +0 pair of gloves (worn)
 q - a +0 pair of boots (worn)
Magical Staves
 m - a staff of death
 E - a staff of fire
Jewellery
 o - a +6 ring of dexterity (left hand)
 A - a ring of protection from cold (right hand)
Scrolls
 e - 2 scrolls of holy word
 l - 2 scrolls of immolation {unknown}
 r - a scroll of vulnerability {unknown}
 t - a scroll of enchant armour {unknown}
 B - a scroll of noise {unknown}
Potions
 f - 4 potions of heal wounds
 g - a potion of haste
 h - a potion of invisibility {unknown}
 i - a potion of attraction {unknown}
 s - 3 potions of curing {unknown}
 u - a potion of mutation {unknown}


   Skills:
 * Level 0.3 Long Blades
 + Level 4.6 Dodging
 + Level 4.9 Stealth
 + Level 4.6 Spellcasting
 + Level 4.6 Conjurations
 + Level 5.5 Fire Magic


You had 13 spell levels left.
You knew the following spells:

 Your Spells              Type           Power      Damage    Failure   Level
a - Foxfire               Conj/Fire      84%        2x1d8     1%          1
b - Scorch                Fire           44%        2d7       2%          2

Your spell library contained the following spells:

 Spells                   Type           Power      Damage    Failure   Level
 Conjure Flame            Conj/Fire      21%        6-21      5%          3
 Inner Flame              Hex/Fire       13%        N/A       14%         3
 Flame Wave               Conj/Fire      21%        2d7       19%         4
 Ensorcelled Hibernation  Hex/Ice        6%         N/A       22%         2
 Call Canine Familiar     Summ           3%         N/A       41%         3
 Portal Projectile        Hex/Tloc       6%         N/A       41%         3
 Spider Form              Tmut/Pois      3%         N/A       41%         3
 Anguish                  Hex/Necr       1%         N/A       83%         4
 Leda's Liquefaction      Hex/Erth       1%         N/A       83%         4


Dungeon Overview and Level Annotations

Branches:
Dungeon (6/15)
 Temple: D:4-7

Altars:

Annotations:
D:4 1 runed translucent door, Minsecho's ghost, amateur HOFi
D:6 Dowan; Duvessa


Innate Abilities, Weirdness & Mutations

You can breathe blasts of noxious fumes.
Your lurid green scales are hard. (AC +6)
You cannot fit into any form of body armour.
Your system is resistant to poisons. (rPois)
You are cold-blooded and may be slowed by cold attacks.


Message History

You kill the orc!
You hear a shout! x2
An orc comes into view. It is wielding a +1 vorpal hand axe.
An orc comes into view. It is wielding a +0 whip.
An orc wizard opens the door.
Things that are here:
a +0 hand axe; an orc corpse
Casting: Scorch (safe; 2% risk of failure)
Confirm with . or Enter, or press ? or * to list all spells.
Flames lash the orc.
You kill the orc!
The orc shouts!
An orc priest comes into view. It is wielding a +0 flail.
An orc comes into view. It is wielding a +0 club.
The orc priest miscasts a cantrip.
The orc moves out of view.
An orc warrior comes into view. It is wielding a +0 dire flail.
Casting: Scorch (safe; 2% risk of failure)
Confirm with . or Enter, or press ? or * to list all spells.
Flames lash the orc.
The orc is severely wounded.
The orc's fire resistance burns away.
The orc warrior shouts!
As you read the scroll labelled WEUSIO NOYN, it crumbles to dust.
Wisps of shadow whirl around you...
It was a scroll of summoning.
The orc closely misses you.
Casting: Scorch (safe; 2% risk of failure)
Confirm with . or Enter, or press ? or * to list all spells.
Flames lash the orc.
The orc is burned terribly!
You kill the orc!
The orc wizard gestures at you while chanting.
The puff of flame hits your adder!
Your adder completely misses the orc wizard.
The orc wizard completely misses your adder.
Casting: Scorch (safe; 2% risk of failure)
Confirm with . or Enter, or press ? or * to list all spells.
You conjure some foxfire!
The orc priest mumbles some strange prayers to Beogh against you.
Beogh smites you!
You die...

#......#
#.###...e..##########
#.......l............
...>o.....e............
###.##...###[..........
# ###.###.......#####
#................
###.###########.....####
...oooJ@vSo...'.....+..)
....###########.....###)
. #.........# #)
#.....###.###. #.....#
#..##< ####### ##.##.
#..#. ##.## #..#


You could see an orc warrior, an orc priest, an orc wizard (ally target), an
orc, a friendly jelly (summoned) and a friendly adder (summoned).

Vanquished Creatures
  Prince Ribbit (D:5)
  A water moccasin (D:3)
  2 sky beasts
  3 ogres
  A phantom (D:4)
  A kobold brigand (D:6)
  2 scorpions (D:4)
  A hound (D:5)
  2 gnoll shamans
  6 iguanas
  An orc wizard (D:6)
  6 gnolls
  4 adders
  A white imp (D:6)
  2 ufetubi
  4 dart slugs
  8 orcs
  5 bats
  5 endoplasms
  2 giant cockroaches
  3 goblins
  9 hobgoblins
  12 kobolds
  2 quokkas
  7 ball pythons
  5 frilled lizards
  2 quokka skeletons (D:4)
  9 rats
107 creatures vanquished.

Vanquished Creatures (collateral kills)
  2 foxfires
2 creatures vanquished.

Vanquished Creatures (others)
  185 foxfires
  10 plants (D:4)
195 creatures vanquished.

Grand Total: 304 creatures vanquished

Notes
Turn   | Place    | Note
-------+----------+-------------------------------------------
     0 | D:1      | croobank the Draconian Fire Elementalist began the quest
                  | for the Orb.
     0 | D:1      | Reached XP level 1. HP: 14/14 MP: 3/3
   114 | D:1      | Reached XP level 2. HP: 7/20 MP: 1/5
   934 | D:1      | Reached XP level 3. HP: 15/26 MP: 3/6
  1133 | D:1      | Learned a level 2 spell: Scorch
  2199 | D:3      | Reached XP level 4. HP: 33/33 MP: 3/7
  2816 | D:3      | Noticed a water moccasin
  2825 | D:3      | Killed a water moccasin
  2826 | D:3      | Reached XP level 5. HP: 31/38 MP: 0/9
  3215 | D:4      | Reached skill level 4 in Fire Magic
  3514 | D:4      | Found a runed translucent door.
  3514 | D:4      | Noticed Minsecho's ghost (amateur HOFi)
  3591 | D:4      | Reached XP level 6. HP: 45/45 MP: 4/10
  3938 | D:4      | Your scales start taking on a lurid green colour.
  3938 | D:4      | Reached XP level 7. HP: 50/50 MP: 4/12
  3938 | D:4      | Gained mutation: Your system is resistant to poisons.
                  | (rPois) [Green Draconian growth]
  4390 | D:5      | Entered Level 5 of the Dungeon
  4481 | D:5      | Noticed Prince Ribbit
  4492 | D:5      | Killed Prince Ribbit
  4513 | D:5      | Reached skill level 5 in Fire Magic
  4696 | D:6      | Reached XP level 8. HP: 57/57 MP: 9/14
  4970 | D:6      | Identified the +11 falchion of Blood-Lust {vamp, Dex+4}
  5117 | D:6      | Noticed Duvessa
  5120 | D:6      | Noticed Dowan
  5155 | D:6      | Killed from afar by an orc priest

Illustrated notes

Levels and vault maps discovered:
D:1:      minmay_arrival_stair_chambers, layout_basic
D:2:      layout_rooms, skrybe_limestone_x
D:3:      layout_loops_corners, serial_bayou_pond_d, fountainhead,
          kennysheep_pointless_box
D:4:      layout_rooms, hellmonk_ghost_happy_afterlife, st_stairs_5,
          chequers_big_river
D:5:      layout_cave_pools, tgw_fedhas, chequers_serial_rivers_room_a,
          uniq_menkaure, uniq_prince_ribbit1
D:6:      layout_basic, uniq_duvessa

Skill      XL: |  1  2  3  4  5  6  7 |
---------------+----------------------+-----
Stealth        | 2 3 4 |  4.9
Dodging        | 2 3 4 |  4.6
Conjurations   | 2 3 4 |  4.6
Spellcasting   | 3 4 |  4.6
Fire Magic     | 4 5 |  5.5
Long Blades    | |  0.3

Action                   |  1- 3 |  4- 6 |  7- 9 || total
-------------------------+-------+-------+-------++-------
Melee: Unarmed           |    73 |       |       ||    73
       Tailslap          |    11 |     1 |     8 ||    20
       Punch             |     1 |       |       ||     1
       Short sword       |     5 |     7 |       ||    12
       Whip              |       |       |    22 ||    22
       Falchion          |       |       |    22 ||    22
 Cast: Foxfire           |    55 |    37 |    28 ||   120
       Scorch            |     4 |    23 |    29 ||    56
 Abil: Breathe Noxious F |       |       |     2 ||     2
  Use: Scroll            |     1 |     3 |     2 ||     6
 Stab: Sleeping          |     2 |       |       ||     2
       Confused          |       |       |     5 ||     5
Armor: Skin              |    39 |     2 |    26 ||    67
Dodge: Dodged            |    93 |     9 |    71 ||   173

Table legend: (Time is in decaauts)
 A = Elapsed time spent in this place.
 B = Non-inter-level travel time spent in this place.
 C = Inter-level travel time spent in this place.
 D = Time resting spent in this place.
 E = Time spent auto-exploring this place.
 F = Levels seen in this place.
 G = Mean time per level.
                   A        B        C        D        E       F      G
               +--------+--------+--------+--------+--------+-----+--------+
         Total |   5180 |   5043 |    137 |    677 |   3317 |   6 |  863.3 |
       Dungeon |   5180 |   5043 |    137 |    677 |   3317 |   6 |  863.3 |
               +--------+--------+--------+--------+--------+-----+--------+

Top non-repeatable levels by time:
     D:4: 1329 daAuts
     D:3: 1235 daAuts
     D:1: 1190 daAuts
     D:2: 653 daAuts
     D:6: 615 daAuts
     D:5: 157 daAuts
